General information
- name: BNet
- type: Ladder team game (AT/RT)
- host: Battle.net
- saver: BeefList
map: Deathknell
- players: 8
- length: 28:52
- speed: Fast
- version: 1.28 W3XP
- replay type: Public
» download(202 KB)
Players
team 1 (loser)

»
NY.Yankees (
green | 18 APM | 506 actions | 28:52)
2 Keeper of the Grove
1 Force of Nature
1 Thorns Aura
1 Priestess of the Moon
1 Trueshot Aura
» actions
| Assign group hotkey | 6 | |
| Build / train | 47 | |
| ESC pressed | 1 | |
| Enter build submenu | 14 | |
| Enter hero's abilities submenu | 3 | |
| Remove unit from queue | 2 | |
| Right click | 189 | |
| Select / deselect | 130 | |
| Select group hotkey | 93 | |
| Use ability | 21 | |
506 total
» units
| Wisp | 14 | |
| Archer | 16 | |
| Ice Troll Trapper | 1 | |
31 total
» upgrades
| Strength of the Moon | 1 | |
| Improved Bows | 1 | |
2 total
» buildings
| Ancient of War | 1 | |
| Moon Well | 5 | |
| Altar of Elders | 1 | |
| Ancient of Wonders | 1 | |
| Hunter's Hall | 1 | |
| Tree of Ages | 1 | |
| Tree of Life | 1 | |
| Tree of Eternity | 1 | |
| Ancient of Lore | 1 | |
13 total
» build order
00:48 Ancient of War
00:56 Moon Well
01:15 Altar of Elders
01:51 Moon Well
02:40 Ancient of Wonders
03:20 Moon Well
04:12 Hunter's Hall
05:11 Tree of Ages
05:22 Moon Well
05:25 Moon Well
06:41 Tree of Life
09:43 Tree of Eternity
11:21 Ancient of Lore
» items
| Scroll of Town Portal | 1 | |
| Moonstone | 1 | |
| Potion of Healing | 1 | |
| Lesser Clarity Potion | 1 | |
| Potion of Mana | 1 | |
5 total
stoneybonzai (
teal | 104 APM | 2448 actions | 23:28)
5 Blademaster
3 Wind Walk
2 Critical Strike
4 Shadow Hunter
2 Healing Wave
2 Hex
» actions
| Assign group hotkey | 30 | |
| Basic commands | 13 | |
| Build / train | 82 | |
| ESC pressed | 4 | |
| Enter build submenu | 23 | |
| Enter hero's abilities submenu | 9 | |
| Give item / drop item | 2 | |
| Right click | 847 | |
| Select / deselect | 368 | |
| Select group hotkey | 992 | |
| Use ability | 78 | |
2448 total
» units
| Peon | 22 | |
| Grunt | 5 | |
| Shaman | 8 | |
| Troll Witch Doctor | 3 | |
| Tauren | 6 | |
| Troll Headhunter/Berserker | 2 | |
| Spirit Walker | 3 | |
49 total
» upgrades
| Berserker Strength | 1 | |
| Shaman Training | 2 | |
| Witch Doctor Training | 2 | |
| Pulverize | 1 | |
| Reinforced Defenses | 1 | |
| Armor | 1 | |
| Melee Weapons | 2 | |
| Berserker Upgrade | 1 | |
| Spirit Walker Training | 1 | |
12 total
» buildings
| Altar of Storms | 1 | |
| Orc Burrow | 8 | |
| Barracks | 1 | |
| Voodoo Lounge | 1 | |
| Stronghold | 1 | |
| War Mill | 1 | |
| Great Hall | 2 | |
| Fortress | 1 | |
| Spirit Lodge | 2 | |
| Tauren Totem | 1 | |
| Watch Tower | 3 | |
22 total
» build order
00:04 Altar of Storms
00:17 Orc Burrow
00:42 Barracks
01:37 Orc Burrow
01:53 Voodoo Lounge
03:46 Orc Burrow
04:08 Stronghold
04:49 War Mill
06:08 Great Hall
06:39 Fortress
06:58 Spirit Lodge
07:05 Spirit Lodge
08:49 Orc Burrow
09:10 Tauren Totem
09:40 Orc Burrow
11:57 Watch Tower
12:03 Watch Tower
12:44 Orc Burrow
12:49 Orc Burrow
14:03 Orc Burrow
15:56 Watch Tower
19:24 Great Hall
» items
| Healing Salve | 4 | |
| Scroll of Speed | 2 | |
| Scroll of Town Portal | 1 | |
| Orb of Lightning | 1 | |
8 total
BeefList (
orange | 91 APM | 2638 actions | 28:52)
10 Archmage
3 Summon Water Elemental
3 Brilliance Aura
1 Mass Teleport
3 Blizzard
» actions
| Assign group hotkey | 31 | |
| Basic commands | 92 | |
| Build / train | 84 | |
| Enter build submenu | 45 | |
| Enter hero's abilities submenu | 10 | |
| Right click | 843 | |
| Select / deselect | 339 | |
| Select group hotkey | 980 | |
| Use ability | 214 | |
2638 total
» units
| Peasant | 12 | |
| Footman | 9 | |
| Goblin Shredder | 2 | |
| Gryphon Rider | 6 | |
| Dragonhawk Rider | 6 | |
35 total
» upgrades
| Masonry | 3 | |
| Swords | 3 | |
| Armor | 3 | |
| Animal War Training | 1 | |
| Storm Hammers | 1 | |
| Cloud | 1 | |
| Magic Sentry | 1 | |
13 total
» buildings
| Altar of Kings | 1 | |
| Barracks | 1 | |
| Farm | 14 | |
| Scout Tower | 17 | |
| Arcane Tower | 2 | |
| Arcane Vault | 1 | |
| Keep | 1 | |
| Town Hall | 2 | |
| Lumber Mill | 1 | |
| Castle | 1 | |
| Gryphon Aviary | 4 | |
| Blacksmith | 2 | |
| Guard Tower | 3 | |
| Arcane Sanctum | 2 | |
52 total
» build order
00:36 Altar of Kings
00:48 Barracks
00:50 Farm
00:52 Farm
01:05 Farm
01:34 Farm
02:12 Scout Tower
02:45 Arcane Tower
03:18 Arcane Vault
03:59 Keep
04:31 Town Hall
04:39 Lumber Mill
06:07 Scout Tower
06:08 Scout Tower
06:09 Scout Tower
06:11 Scout Tower
06:49 Farm
06:54 Castle
07:40 Gryphon Aviary
07:40 Gryphon Aviary
07:41 Gryphon Aviary
07:43 Blacksmith
08:05 Blacksmith
08:32 Guard Tower
08:34 Guard Tower
12:24 Arcane Tower
13:01 Farm
13:02 Farm
13:05 Farm
13:06 Farm
13:08 Farm
13:09 Farm
15:14 Scout Tower
15:14 Scout Tower
15:14 Scout Tower
15:18 Scout Tower
15:18 Scout Tower
15:19 Scout Tower
15:20 Scout Tower
15:20 Scout Tower
15:21 Scout Tower
16:21 Guard Tower
19:31 Farm
19:31 Farm
19:32 Farm
19:33 Scout Tower
19:33 Scout Tower
19:34 Scout Tower
20:12 Arcane Sanctum
20:13 Arcane Sanctum
23:59 Town Hall
» items
| Scroll of Regeneration | 3 | |
| Scroll of Town Portal | 6 | |
| Mechanical Critter | 2 | |
| Healing Salve | 2 | |
| Potion of Healing | 2 | |
| Staff of Sanctuary | 1 | |
16 total
bravelemon (
pink | 34 APM | 505 actions | 14:38)
3 Paladin
1 Holy Light
1 Devotion Aura
1 Divine Shield
1 Archmage
1 Brilliance Aura
» actions
| Build / train | 57 | |
| Enter build submenu | 24 | |
| Enter hero's abilities submenu | 4 | |
| Remove unit from queue | 1 | |
| Right click | 198 | |
| Select / deselect | 186 | |
| Use ability | 35 | |
505 total
» units
| Peasant | 21 | |
| Footman | 7 | |
| Ice Troll Berserker | 1 | |
| Rifleman | 3 | |
| Knight | 6 | |
38 total
» upgrades
| Masonry | 1 | |
| Lumber Harvesting | 1 | |
| Animal War Training | 1 | |
3 total
» buildings
| Altar of Kings | 1 | |
| Farm | 6 | |
| Barracks | 3 | |
| Lumber Mill | 1 | |
| Keep | 1 | |
| Blacksmith | 1 | |
| Arcane Vault | 2 | |
| Town Hall | 2 | |
| Scout Tower | 5 | |
| Guard Tower | 5 | |
| Castle | 1 | |
28 total
» build order
00:20 Altar of Kings
00:24 Farm
00:38 Barracks
01:12 Farm
02:03 Farm
02:07 Lumber Mill
03:54 Keep
03:59 Blacksmith
04:24 Farm
04:28 Arcane Vault
05:58 Town Hall
06:03 Scout Tower
06:48 Farm
06:53 Scout Tower
06:55 Guard Tower
08:36 Scout Tower
08:42 Guard Tower
09:06 Guard Tower
09:12 Arcane Vault
09:27 Castle
09:41 Barracks
11:48 Scout Tower
11:51 Scout Tower
12:11 Town Hall
12:17 Guard Tower
12:33 Guard Tower
12:54 Farm
14:14 Barracks
» items
team 2 (winner)

»
PlumpNegro (
yellow | 94 APM | 2702 actions | 28:52)
5 Dreadlord
2 Sleep
3 Vampiric Aura
4 Crypt Lord
2 Carrion Beetles
2 Spiked Carapace
1 Blood Mage
1 Flame Strike
» actions
| Assign group hotkey | 40 | |
| Basic commands | 161 | |
| Build / train | 140 | |
| ESC pressed | 3 | |
| Enter build submenu | 29 | |
| Enter hero's abilities submenu | 10 | |
| Give item / drop item | 1 | |
| Right click | 774 | |
| Select / deselect | 461 | |
| Select group hotkey | 992 | |
| Use ability | 91 | |
2702 total
» units
| Acolyte | 14 | |
| Ghoul | 21 | |
| Obsidian Statue | 3 | |
| Necromancer | 9 | |
| Meatwagon | 10 | |
| Crypt Fiend | 7 | |
| Banshee | 2 | |
| Abomination | 3 | |
69 total
» upgrades
| Unholy Strength | 3 | |
| Unholy Armor | 3 | |
| Necromancer Training | 2 | |
| Skeletal Longevity | 1 | |
| Exhume Corpses | 1 | |
| Skeletal Mastery | 1 | |
| Disease Cloud | 1 | |
| Web | 1 | |
| Creature Attack | 1 | |
| Banshee Training | 1 | |
| Destroyer Form | 1 | |
16 total
» buildings
| Crypt | 2 | |
| Altar of Darkness | 1 | |
| Ziggurat | 11 | |
| Tomb of Relics | 1 | |
| Nerubian Tower | 1 | |
| Necropolis | 1 | |
| Halls of the Dead | 1 | |
| Graveyard | 1 | |
| Spirit Tower | 8 | |
| Black Citadel | 2 | |
| Temple of the Damned | 2 | |
| Slaughterhouse | 2 | |
33 total
» build order
00:05 Crypt
00:07 Crypt
00:12 Altar of Darkness
00:25 Ziggurat
01:02 Tomb of Relics
01:21 Ziggurat
01:41 Nerubian Tower
04:08 Necropolis
04:35 Halls of the Dead
05:00 Graveyard
05:29 Ziggurat
05:48 Ziggurat
06:27 Spirit Tower
06:27 Spirit Tower
06:46 Ziggurat
07:11 Spirit Tower
07:11 Spirit Tower
07:31 Ziggurat
07:39 Black Citadel
07:39 Black Citadel
07:41 Temple of the Damned
07:42 Temple of the Damned
07:45 Slaughterhouse
07:46 Slaughterhouse
09:48 Ziggurat
13:02 Ziggurat
16:16 Ziggurat
24:39 Ziggurat
24:39 Ziggurat
25:07 Spirit Tower
25:07 Spirit Tower
» items
| Rod of Necromancy | 2 | |
| Orb of Corruption | 3 | |
| Scroll of Town Portal | 3 | |
8 total

»
blazinglory (
red | 133 APM | 2521 actions | 19:01)
4 Archmage
2 Summon Water Elemental
2 Brilliance Aura
2 Blood Mage
1 Banish
1 Flame Strike
» actions
| Assign group hotkey | 154 | |
| Basic commands | 102 | |
| Build / train | 81 | |
| ESC pressed | 8 | |
| Enter build submenu | 26 | |
| Enter hero's abilities submenu | 6 | |
| Right click | 845 | |
| Select / deselect | 281 | |
| Select group hotkey | 890 | |
| Use ability | 128 | |
2521 total
» units
| Peasant | 12 | |
| Footman | 5 | |
| Rifleman | 5 | |
| Sorceress | 2 | |
| Priest | 1 | |
| Mortar Team | 4 | |
| Dragonhawk Rider | 7 | |
36 total
» upgrades
| Long Rifles | 1 | |
| Sorceress Training | 1 | |
| Priest Training | 1 | |
| Flare | 1 | |
| Gunpowder | 1 | |
| Armor | 1 | |
6 total
» buildings
| Altar of Kings | 1 | |
| Farm | 11 | |
| Barracks | 1 | |
| Scout Tower | 7 | |
| Arcane Tower | 2 | |
| Blacksmith | 1 | |
| Lumber Mill | 1 | |
| Keep | 3 | |
| Town Hall | 1 | |
| Arcane Vault | 1 | |
| Guard Tower | 3 | |
| Arcane Sanctum | 2 | |
| Workshop | 1 | |
| Gryphon Aviary | 1 | |
| Castle | 2 | |
38 total
» build order
00:09 Altar of Kings
00:16 Farm
00:37 Barracks
01:24 Farm
01:28 Farm
01:33 Scout Tower
01:58 Farm
02:01 Scout Tower
02:33 Arcane Tower
02:41 Blacksmith
03:14 Lumber Mill
03:49 Farm
03:52 Keep
03:53 Keep
03:53 Keep
05:14 Town Hall
05:18 Scout Tower
05:20 Scout Tower
05:22 Scout Tower
05:24 Scout Tower
05:26 Scout Tower
05:34 Arcane Vault
05:54 Guard Tower
05:54 Guard Tower
06:52 Arcane Sanctum
06:57 Workshop
08:39 Farm
08:44 Farm
10:09 Arcane Sanctum
10:17 Farm
11:35 Gryphon Aviary
12:43 Castle
12:49 Farm
13:37 Farm
16:24 Farm
» items
| Scroll of Regeneration | 5 | |
| Scroll of Town Portal | 2 | |
| Scroll of Speed | 1 | |
8 total

»
PlzDontKillMe (
blue | 37 APM | 1066 actions | 28:52)
4 Blademaster
2 Wind Walk
2 Critical Strike
3 Shadow Hunter
1 Healing Wave
2 Hex
» actions
| Assign group hotkey | 3 | |
| Build / train | 70 | |
| Enter build submenu | 18 | |
| Enter hero's abilities submenu | 8 | |
| Give item / drop item | 1 | |
| Right click | 494 | |
| Select / deselect | 398 | |
| Select group hotkey | 1 | |
| Use ability | 73 | |
1066 total
» units
| Peon | 13 | |
| Grunt | 8 | |
| Shaman | 8 | |
| Tauren | 11 | |
| Rifleman | 4 | |
44 total
» upgrades
| Armor | 3 | |
| Melee Weapons | 3 | |
| Berserker Strength | 1 | |
| Shaman Training | 2 | |
| Pulverize | 1 | |
10 total
» buildings
| Altar of Storms | 1 | |
| Orc Burrow | 9 | |
| Barracks | 1 | |
| Voodoo Lounge | 1 | |
| Stronghold | 1 | |
| War Mill | 1 | |
| Spirit Lodge | 2 | |
| Fortress | 1 | |
| Great Hall | 1 | |
| Tauren Totem | 2 | |
20 total
» build order
00:46 Altar of Storms
00:48 Orc Burrow
01:19 Barracks
01:25 Orc Burrow
01:51 Voodoo Lounge
02:46 Orc Burrow
04:01 Stronghold
04:19 War Mill
04:56 Orc Burrow
07:07 Spirit Lodge
07:15 Fortress
08:37 Orc Burrow
08:39 Orc Burrow
09:20 Spirit Lodge
10:06 Great Hall
12:01 Tauren Totem
12:06 Tauren Totem
12:36 Orc Burrow
15:39 Orc Burrow
16:40 Orc Burrow
» items
| Healing Salve | 2 | |
| Orb of Lightning | 1 | |
| Scroll of Regeneration | 1 | |
| Orb of Fire | 1 | |
5 total
a5aprocky (
purple | 33 APM | 944 actions | 28:52)
5 Mountain King
3 Storm Bolt
2 Bash
4 Paladin
2 Holy Light
1 Divine Shield
1 Devotion Aura
4 Archmage
2 Brilliance Aura
2 Blizzard
» actions
| Basic commands | 1 | |
| Build / train | 84 | |
| Enter build submenu | 31 | |
| Enter hero's abilities submenu | 13 | |
| Remove unit from queue | 1 | |
| Right click | 292 | |
| Select / deselect | 448 | |
| Use ability | 74 | |
944 total
» units
| Peasant | 20 | |
| Footman | 5 | |
| Goblin Shredder | 1 | |
| Gryphon Rider | 10 | |
| Dragonhawk Rider | 5 | |
41 total
» upgrades
| Storm Hammers | 1 | |
| Armor | 3 | |
| Swords | 3 | |
| Animal War Training | 1 | |
| Cloud | 1 | |
| Backpack | 1 | |
10 total
» buildings
| Altar of Kings | 1 | |
| Farm | 14 | |
| Barracks | 1 | |
| Lumber Mill | 1 | |
| Scout Tower | 12 | |
| Arcane Tower | 2 | |
| Keep | 3 | |
| Town Hall | 2 | |
| Arcane Vault | 1 | |
| Guard Tower | 5 | |
| Castle | 1 | |
| Gryphon Aviary | 3 | |
| Blacksmith | 1 | |
47 total
» build order
00:08 Altar of Kings
00:42 Farm
00:56 Barracks
01:15 Farm
01:42 Lumber Mill
01:55 Farm
02:12 Scout Tower
02:17 Scout Tower
02:36 Farm
02:42 Farm
02:51 Arcane Tower
03:46 Arcane Tower
03:59 Keep
04:00 Keep
04:43 Town Hall
05:00 Scout Tower
05:01 Scout Tower
05:02 Scout Tower
05:04 Scout Tower
05:06 Scout Tower
05:07 Scout Tower
05:09 Scout Tower
05:18 Arcane Vault
05:36 Guard Tower
05:42 Farm
06:00 Guard Tower
06:23 Scout Tower
06:25 Scout Tower
06:26 Scout Tower
06:41 Guard Tower
06:44 Castle
07:37 Guard Tower
07:55 Gryphon Aviary
08:33 Gryphon Aviary
08:46 Guard Tower
09:35 Farm
09:36 Farm
09:40 Blacksmith
10:45 Farm
10:46 Farm
10:47 Farm
11:30 Gryphon Aviary
12:25 Farm
12:27 Farm
12:28 Farm
16:09 Town Hall
» items
| Orb of Fire | 2 | |
| Scroll of Town Portal | 1 | |
| Scroll of Regeneration | 2 | |
5 total
Chat log
(00:13 / Allies) stoneybonzai: yo yo
(00:27 / Allies) bravelemon: knith
(01:05 / Allies) bravelemon: green first
(01:28 / Allies) stoneybonzai: i got melee
(01:30 / Allies) stoneybonzai: grunts to tauren shaman
(01:39 / Allies) bravelemon: doc not sham
(01:43 / Allies) bravelemon: i get mage
(02:05 / Allies) stoneybonzai: why docs?
(02:38 / Allies) bravelemon: green
(02:41 / Allies) BeefList: you need more than that
(03:03 / Allies) bravelemon: green
(04:29 / Allies) NY.Yankees: where r u going
(05:17 / Allies) stoneybonzai: sec for me
(06:23 / All) PlzDontKillMe: nice try pink
(06:44 / Allies) BeefList: scout other expo
(07:11 / Allies) NY.Yankees: come pink
(07:27 / Allies) BeefList: out
(07:37 / Allies) NY.Yankees: 2 unhits
(07:40 / Allies) NY.Yankees: units
(08:22 / Allies) NY.Yankees: incoming
(08:40 / Allies) NY.Yankees: cpoome this way
(08:41 / Allies) BeefList: at least tower it
(08:51 / All) NY.Yankees: they won t seee
(08:58 / Allies) BeefList: erm k
(09:18 / Allies) bravelemon: tp
(09:21 / Allies) bravelemon: green
(09:25 / All) PlzDontKillMe: tf green
(09:54 / All) PlzDontKillMe: really thought you could do that lmao
(09:59 / Allies) NY.Yankees: lol
(10:14 / Allies) NY.Yankees: u lea them right there shpuld have went sputh
(11:01 / Allies) BeefList: build a shop at ypour expo
(11:07 / Allies) BeefList: see now I can't counter
(11:11 / Allies) BeefList: because I have to buy tp first
(11:21 / Allies) bravelemon: stay back
(11:27 / Allies) bravelemon: meet
(12:00 / Allies) BeefList: wow
(12:07 / Allies) BeefList: he bought 2 tps
(12:08 / Allies) BeefList: lmao
(12:14 / All) PlzDontKillMe: red sigh
(12:25 / Allies) bravelemon: i give you money
(12:35 / All) blazinglory: nigga we made it
(12:37 / Allies) BeefList: didn't need money needed a tp
(12:56 / Allies) stoneybonzai: ty
(13:07 / All) blazinglory: 10 bucks says i drop mid fight
(13:24 / Allies) BeefList: green has 34 food lol
(13:32 / Allies) stoneybonzai: tp?
(13:37 / Allies) BeefList: don't
(13:45 / Allies) BeefList: green went MIA
(13:48 / Allies) BeefList: I wish he had just fucking left
(13:49 / Allies) BeefList: god
(14:32 / All) BeefList: green just stopped playing
(14:40 / All) BeefList: pink is a retard too
(14:42 / Allies) stoneybonzai: no tp?
(14:44 / Allies) stoneybonzai: wtf
(14:54 / All) BeefList: When I tped to pink expo he bought both tps up top
(15:30 / Allies) BeefList: look he stopped playing
(15:34 / Allies) stoneybonzai: ugh
(15:35 / All) blazinglory: Gg
(15:39 / Allies) BeefList: he didn't even tower
(15:43 / Allies) BeefList: when he tried to take expo tehir side
(16:07 / Allies) stoneybonzai: hit red
(16:20 / Allies) stoneybonzai: lets go
(16:50 / Allies) stoneybonzai: tp?
(16:55 / Allies) stoneybonzai: have to save it
(18:39 / Allies) BeefList: I don't have enoug dude
(18:41 / Allies) BeefList: he has me covered
(19:01 / All) BeefList: and pink took both expos top our side lol
(19:06 / All) BeefList: yet had nothing
(20:07 / Allies) BeefList: wish we had dispell
(22:01 / Allies) stoneybonzai: getting dispell
(22:12 / Allies) stoneybonzai: but we probs lost
(22:18 / Allies) stoneybonzai: haha
(22:20 / Allies) BeefList: we totally did
(22:22 / Allies) stoneybonzai: ya
(22:29 / Allies) BeefList: two armies vs 4
(22:39 / Allies) BeefList: they suck but they're 50% players so it's enouygh
(22:49 / Allies) BeefList: plus now they have siege to rape my base
(23:25 / All) stoneybonzai: have fun...green is afk